 Dungeon Crawl Stone Soup version 0.30-a0-169-g06f667207d (webtiles) character file.

Game seed: 15718390703149320456

114 qw the Chopper (level 4, -1/28 HPs)
             Began as a Gargoyle Fighter on Sept 29, 2022.
             Slain by Sigmund
             ... wielding a +0 scythe
              (7 damage)
             ... on level 2 of the Dungeon.
             The game lasted 00:00:33 (1818 turns).

qw the Chopper (Gargoyle Fighter)                   Turns: 1818, Time: 00:00:34

Health: -1/28      AC: 10    Str: 21    XL:     4   Next: 97%
Magic:  4/4        EV:  9    Int:  9    God:
Gold:   72         SH:  4    Dex:  9    Spells: 3/3 levels left

rFire   . . .      SeeInvis .    Y - +0 war axe
rCold   . . .      Faith    .    c - +0 buckler
rNeg    + . .      Spirit   .    b - +0 scale mail
rPois   inf        Reflect  .    (no helmet)
rElec   +          Harm     .    (no cloak)
rCorr   .          Rampage  .    (no gloves)
Will    .....                    (no boots)
Stlth   ..........               (no amulet)
HPRegen 0.09/turn                (no ring)
MPRegen 0.09/turn                (no ring)

@: no status effects
A: sickness immunity, AC +3, negative energy resistance 1, electricity
resistance, torment resistance 1, petrification resistance
a: no special abilities


You were on level 2 of the Dungeon.
You visited 1 branch of the dungeon, and saw 2 of its levels.

You collected 72 gold pieces.


Innate Abilities, Weirdness & Mutations

You are immune to sickness and miasma.
Your stone body is resilient. (AC +3)
You are immune to poison.
You resist negative energy. (rN+)
You are resistant to electric shocks. (rElec)
You are resistant to unholy torment.
You are immune to petrification.


   Skills:
 - Level 3.2 Fighting
 + Level 4.5 Axes
 - Level 3.2 Armour
 - Level 3.2 Shields


You had 3 spell levels left.
You didn't know any spells.
Your spell library was empty.

Inventory:

Hand Weapons
 n - a +0 flail
 Y - a +0 war axe (weapon)
Armour
 b - a +0 scale mail (worn)
 c - a +0 buckler (worn)
Jewellery
 g - a ring of fire
Scrolls
 a - a scroll of identify
Potions
 d - a potion of might
 j - 2 potions of curing {unknown}

Dungeon Overview and Level Annotations

Branches:
Dungeon (2/15)

Altars:

Annotations:
D:2 Sigmund


Message History

The crimson imp disappears in a puff of smoke!
The shadow imp disappears in a puff of smoke!
The crimson imp disappears in a puff of smoke!
You hit the quokka. The quokka closely misses you.
You slash the quokka!
You kill the quokka!
You start resting.
HP restored.
Sigmund the Dreaded comes into view.
He is wielding a +0 scythe.
Sigmund shouts!
Sigmund casts a spell at you. The magic dart hits you.
Sigmund closely misses you.
You barely miss Sigmund. Sigmund barely misses you.
You barely miss Sigmund. Sigmund hits you but does no damage.
You closely miss Sigmund. Sigmund closely misses you.
You closely miss Sigmund. Sigmund hits you with a +0 scythe!
You closely miss Sigmund. Sigmund hits you but does no damage.
You barely miss Sigmund. Sigmund hits you but does no damage.
You closely miss Sigmund. You slash Sigmund!
Sigmund is moderately wounded.
Sigmund closely misses you.
You barely miss Sigmund.
Sigmund is moderately wounded.
Sigmund casts a spell at you. The puff of flame hits you.
Sigmund casts a spell at you. The puff of flame hits you!
You hit Sigmund.
Sigmund is heavily wounded.
Sigmund hits you with a +0 scythe!
You die...

#######
###########.....#
#...............#
#...............#
#.....).........#
#....@@.........#
#...............#######
......................[.
##.............#######.#
#.............# #..#
#.............# #..##
#...#####......# ....
#... #......# .....
#......#......


You could see Sigmund.

Vanquished Creatures
  Natasha (twice) (D:2)
  A gnoll (D:1)
  An adder (D:2)
  3 dart slugs (D:1)
  2 bats
  6 endoplasms
  2 giant cockroaches (D:1)
  2 goblins (D:1)
  5 hobgoblins
  3 jackals (D:1)
  2 quokkas
  3 ball pythons (D:1)
  2 frilled lizards
  A kobold (D:1)
  3 rats (D:1)
38 creatures vanquished.

Notes
Turn   | Place    | Note
-------+----------+-------------------------------------------
     0 | D:1      | qw the Gargoyle Fighter began the quest for the Orb.
     0 | D:1      | Reached XP level 1. HP: 14/14 MP: 1/1
     0 | D:1      | 0 ||| qw: Version: 0.2-a-12-gaebbb33
     0 | D:1      | 0 ||| qw: Game counter: 1346
     0 | D:1      | 0 ||| qw: Always use a shield: true
     0 | D:1      | 0 ||| qw: God list: Okawaru
     0 | D:1      | 0 ||| qw: Allow faded altars: false
     0 | D:1      | 0 ||| qw: Do Orc after D:15 true
     0 | D:1      | 0 ||| qw: Do second Lair branch before Depths: true
     0 | D:1      | 0 ||| qw: Lair rune preference: random
     0 | D:1      | 0 ||| qw: Plans: Normal, Zot:1-4, God:TSO, Crypt, Tomb,
                  | Pan, Slime:5, Hells, Abyss, Orb
     0 | D:1      | 0 ||| PLANNING D:1-11
    62 | D:1      | Reached skill level 2 in Axes
   118 | D:1      | Reached XP level 2. HP: 19/19 MP: 2/2
   603 | D:1      | 603 ||| Stepping ~*~*~tactically~*~*~ (stealth).
   608 | D:1      | Reached skill level 3 in Axes
   611 | D:1      | Reached XP level 3. HP: 22/23 MP: 3/3
   664 | D:1      | 664 ||| Stepping ~*~*~tactically~*~*~ (hiding).
  1114 | D:1      | 1114 ||| DROPPING +0 mace.
  1233 | D:1      | 1233 ||| Stepping ~*~*~tactically~*~*~ (hiding).
  1444 | D:1      | 1444 ||| DROPPING amulet of faith.
  1445 | D:1      | 1445 ||| READING 2 scrolls labelled TOVIOT ATEVIDGH.
  1446 | D:1      | 1446 ||| READING scroll labelled VAKIPR MOUB.
  1447 | D:1      | 1447 ||| READING scroll labelled YPTAUT BU ZUETI.
  1452 | D:1      | 1452 ||| READING scroll labelled KOAK FEETA ITO.
  1453 | D:1      | 1453 ||| READING scroll labelled NOHAYG CIUM.
  1537 | D:2      | 1537 ||| FLEEEEING.
  1596 | D:2      | Noticed Natasha
  1597 | D:2      | 1597 ||| Stepping ~*~*~tactically~*~*~ (hiding).
  1598 | D:2      | 1598 ||| Stepping ~*~*~tactically~*~*~ (hiding).
  1605 | D:2      | Reached XP level 4. HP: 28/28 MP: 4/4
  1609 | D:2      | Killed Natasha
  1610 | D:2      | Reached skill level 4 in Axes
  1666 | D:2      | Noticed Natasha
  1667 | D:2      | 1667 ||| FLEEEEING.
  1668 | D:2      | 1668 ||| FLEEEEING.
  1669 | D:2      | 1669 ||| FLEEEEING.
  1670 | D:2      | 1670 ||| FLEEEEING.
  1675 | D:2      | Killed Natasha
  1804 | D:2      | Noticed Sigmund
  1817 | D:2      | HP: 6/28 [Sigmund/puff of flame (9)]
  1818 | D:2      | Slain by Sigmund

Levels and vault maps discovered:
D:1:      zelgadis_glass_arrival_small, layout_loops_corners,
          minmay_misc_feat_pillars
D:2:      layout_basic, ebering_ecumenical_altar_abandoned, uniq_robin,
          uniq_natasha, uniq_sigmund

Skill      XL: |  1  2  3  4 |
---------------+-------------+-----
Axes           | 2 3 4 |  4.5
Fighting       | |  3.2
Armour         | |  3.2
Shields        | |  3.2

Action                   |  1- 3 |  4- 6 || total
-------------------------+-------+-------++-------
Melee: War axe           |    94 |    19 ||   113
  Use: Scroll            |     5 |       ||     5
Armor: Scale mail        |    46 |     9 ||    55
Dodge: Dodged            |    38 |     7 ||    45
Block: Buckler           |    20 |     1 ||    21

Table legend:
 A = Non-vault XP
 B = Vault XP
 C = Vault XP percentage of total XP
 D = Non-vault monster count
 E = Vault monster count
 F = Vault count percentage of total count
                 A         B        C        D         E       F
            +---------+---------+-------+---------+---------+-------
      Total |     128 |      35 |  21.5 |      37 |       1 |   2.6
            +---------+---------+-------+---------+---------+-------
        D:1 |      71 |       0 |   0.0 |      30 |       0 |   0.0
        D:2 |      57 |      35 |  38.0 |       7 |       1 |  12.5
            +---------+---------+-------+---------+---------+-------
